 Dungeon Crawl Stone Soup version 0.26-a0-487-gbff1e92059 (webtiles) character file.

Game seed: 16381076905102310320

561 Infinimo the Conjurer (level 7, 0/36 HPs)
             Began as a Tengu Fire Elementalist on Aug 1, 2020.
             Was an Initiate of Gozag.
             Slain by a worker ant (8 damage)
             ... on level 4 of the Dungeon.
             The game lasted 00:03:50 (5801 turns).

Infinimo the Conjurer (Tengu Fire Elementalist)     Turns: 5801, Time: 00:03:51

Health: 0/36       AC:  3    Str:  9    XL:     7   Next: 31%
Magic:  11/13      EV: 15    Int: 17    God:    Gozag
Gold:   255        SH:  0    Dex: 14    Spells: 8/13 levels left

rFire    . . .     SeeInvis .   n - +0 morningstar
rCold    . . .     Faith    .   (no shield)
rNeg     . . .     Spirit   .   a - +1 robe
rPois    .         Reflect  .   (helmet restricted)
rElec    .         Harm     .   (no cloak)
rCorr    .                      (no gloves)
MR       .....                  (boots unavailable)
Stlth    ++........             (no amulet)
HPRegen  0.12/turn              (no ring)
MPRegen  0.13/turn              (no ring)

@: lethally poisoned (0 -> -4), flying quickly and evasively, quick
A: beak, talons 3, able to fly
a: Stop Flying, Potion Petition, Call Merchant, Bribe Branch, Renounce Religion


You were on level 4 of the Dungeon.
You worshipped Gozag.
Gozag was aware of your devotion.
You visited 1 branch of the dungeon, and saw 5 of its levels.

You collected 398 gold pieces.
You spent 90 gold pieces at shops.
You paid 53 gold pieces to Gozag.

Inventory:

Hand Weapons
 n - a +0 morningstar (weapon)
Armour
 a - a +1 robe (worn)
Jewellery
 i - an uncursed ring of resist corrosion
Scrolls
 e - 2 scrolls of remove curse
 h - a scroll of teleportation
 j - 2 scrolls of amnesia
 m - 2 scrolls of enchant weapon
 p - a scroll of enchant armour
Potions
 b - a potion of resistance {unknown}
 c - 4 potions of curing
 f - 4 potions of might
 g - 2 potions of heal wounds
 k - a potion of degeneration {unknown}
 l - a potion of magic {unknown}
 o - 3 potions of haste
 q - a potion of brilliance {unknown}


   Skills:
 - Level 2.1 Dodging
 - Level 2.0 Stealth
 + Level 3.5 Spellcasting
 * Level 6.4 Conjurations
 * Level 6.2 Fire Magic


You had 8 spell levels left.
You knew the following spells:

 Your Spells              Type           Power        Failure   Level
a - Foxfire               Conj/Fire      ###.         1%          1
b - Sticky Flame          Conj/Fire      ###.....     12%         4

Your spell library contained the following spells:

 Spells                   Type           Power        Failure   Level
 Conjure Flame            Conj/Fire      ###.....     3%          3
 Inner Flame              Hex/Fire       ##......     14%         3
 Fireball                 Conj/Fire      ###.......   34%         5


Dungeon Overview and Level Annotations

Branches:
Dungeon (5/15)
 Temple: D:4-7

Altars:
Ashenzari
Elyvilon
Fedhas
Gozag
Hepliaklqana
Qazlal
Sif Muna
Zin


Innate Abilities, Weirdness & Mutations

You have a beak for a mouth.
You have claws for feet.
You can fly continuously.


Message History

Beogh smites you!
You fly upwards.
There is a stone staircase leading down, spattered with blood here.
Casting: Foxfire (safe; 1% risk of failure)
Confirm with . or Enter, or press ? or * to list all spells.
You conjure some foxfire!
The worker ant bites you.
The foxfire hits the worker ant.
The worker ant is lightly wounded.
The foxfire hits the worker ant.
The worker ant is heavily wounded.
The worker ant bites you.
* * * LOW HITPOINT WARNING * * *
Casting: Foxfire (safe; 1% risk of failure)
Confirm with . or Enter, or press ? or * to list all spells.
You conjure some foxfire!
The worker ant bites you.
* * * LOW HITPOINT WARNING * * *
You are poisoned.
The worker ant poisons you! The worker ant bites you!
You die...
Your body crumbles into a pile of gold.

##.#...#..##..........#..._..##..
#(#...#.........#........8..####
#.#...#.####............._..#
#.#...#.# #.##.##.##)#.....#
#.#...#.####.##.##.##.####..####
##.........##.##....##.#.........
<......#.#.......##)##.#.##.##.##
#####.#.#...###v.##>##.#.##.##.#
.####..#....# #v@a..........##.#
#........#..###..#######.#####.#
........##.......# #.#####.#
####........#.##.# #.......# #
##.##.##.#....# #########
#.#####.###..# #.# #.###..#
###.### #......# #.....# #####.##


You could see a worker ant.

Vanquished Creatures
  Sigmund (D:2)
  A bullfrog (D:3)
  Crazy Yiuf (D:4)
  An orc wizard (D:5)
  Ijyb (D:3)
  Jessica (D:3)
  2 worker ants (D:4)
  A hound skeleton (D:4)
  4 gnolls
  2 adders
  2 oozes
  3 worms (D:3)
  14 leopard geckos
  4 orcs
  2 ball pythons
  6 bats
  6 giant cockroaches
  5 goblins
  4 hobgoblins
  2 jackals (D:1)
  A quokka (D:4)
  5 frilled lizards
  9 kobolds
  A quokka zombie (D:5)
  6 rats
85 creatures vanquished.

Vanquished Creatures (others)
  396 foxfires
396 creatures vanquished.

Grand Total: 481 creatures vanquished

Notes
Turn   | Place    | Note
-------+----------+-------------------------------------------
     0 | D:1      | Infinimo the Tengu Fire Elementalist began the quest for
                  | the Orb.
     0 | D:1      | Reached XP level 1. HP: 10/10 MP: 4/4
   423 | D:1      | Reached XP level 2. HP: 15/15 MP: 3/6
   900 | D:1      | Reached XP level 3. HP: 17/19 MP: 3/7
  1536 | D:2      | Noticed Sigmund
  1567 | D:2      | Killed Sigmund
  1567 | D:2      | Reached XP level 4. HP: 8/24 MP: 3/9
  1567 | D:2      | Gained mutation: You can fly continuously. [Tengu growth]
  1567 | D:2      | Reached XP level 5. HP: 9/28 MP: 3/10
  1801 | D:2      | Reached skill level 5 in Fire Magic
  2147 | D:2      | Found Zin's Purification Station.
  2152 | D:2      | Found a glowing silver altar of Zin.
  2155 | D:2      | Bought a potion of curing for 90 gold pieces
  2204 | D:2      | Learned a level 4 spell: Sticky Flame
  2282 | D:2      | Found a faded altar of an unknown god.
  2443 | D:2      | Found an opulent altar of Gozag.
  2443 | D:2      | Found a stormy altar of Qazlal.
  2448 | D:2      | Found a shimmering blue altar of Sif Muna.
  2450 | D:2      | Found a hazy altar of Hepliaklqana.
  2458 | D:2      | Found a white marble altar of Elyvilon.
  2794 | D:3      | Reached skill level 5 in Conjurations
  2794 | D:3      | Reached XP level 6. HP: 31/32 MP: 7/11
  3092 | D:3      | Noticed Jessica
  3096 | D:3      | Killed Jessica
  3147 | D:3      | Noticed Ijyb
  3169 | D:3      | Killed Ijyb
  3712 | D:2      | Became a worshipper of Gozag Ym Sagoz the Greedy
  4214 | D:4      | Found a shattered altar of Ashenzari.
  4214 | D:4      | Found a blossoming altar of Fedhas.
  4407 | D:4      | Reached XP level 7. HP: 32/36 MP: 9/13
  4629 | D:4      | Found a runed translucent door.
  4630 | D:4      | Noticed Crazy Yiuf
  4680 | D:4      | Killed Crazy Yiuf
  5002 | D:5      | Entered Level 5 of the Dungeon
  5801 | D:4      | Slain by a worker ant

Illustrated notes

Levels and vault maps discovered:
D:1:      dpeg_arrival_circle_labyrinth_c, layout_basic
D:2:      lemuel_upstairs_altar, layout_rooms, zin_purify,
          chequers_temple_overflow_minitemple,
          chequers_ecumenical_altar_simple_redux, uniq_sigmund
D:3:      layout_loops_ring, gup_sewer_entry_pipe, uniq_jessica, uniq_ijyb
D:4:      layout_loops_cross, chequers_temple_overflow_statue_of_worship,
          uniq_crazy_yiuf_cottage
D:5:      layout_cave_pods, minmay_manual_mares

Skill      XL: |  1  2  3  4  5  6  7 |
---------------+----------------------+-----
Conjurations   | 2 4 5 6 |  6.4
Fire Magic     | 4 5 6 |  6.2
Spellcasting   | 3 |  3.5
Dodging        | |  2.1
Stealth        | |  2.0

Action                   |  1- 3 |  4- 6 |  7- 9 || total
-------------------------+-------+-------+-------++-------
Melee: Dagger            |    11 |     4 |     2 ||    17
       Kick              |     1 |       |     1 ||     2
       Peck              |     1 |       |     1 ||     2
       Morningstar       |       |       |     1 ||     1
 Cast: Foxfire           |    56 |   144 |    33 ||   233
 Abil: Fly               |       |     1 |       ||     1
  Use: Scroll            |       |     4 |     5 ||     9
 Stab: Sleeping          |       |     1 |     1 ||     2
Armor: Robe              |     6 |     4 |     3 ||    13
Dodge: Dodged            |    21 |    35 |    28 ||    84

Table legend: (Time is in decaauts)
 A = Elapsed time spent in this place.
 B = Non-inter-level travel time spent in this place.
 C = Inter-level travel time spent in this place.
 D = Time resting spent in this place.
 E = Time spent auto-exploring this place.
 F = Levels seen in this place.
 G = Mean time per level.
                   A        B        C        D        E       F      G
               +--------+--------+--------+--------+--------+-----+--------+
         Total |   5643 |   5324 |    319 |      0 |   4642 |   5 | 1128.6 |
       Dungeon |   5643 |   5324 |    319 |      0 |   4642 |   5 | 1128.6 |
               +--------+--------+--------+--------+--------+-----+--------+

Top non-repeatable levels by time:
     D:4: 1845 daAuts
     D:1: 1551 daAuts
     D:3: 1164 daAuts
     D:2: 1007 daAuts
     D:5: 75 daAuts
